 Dungeon Crawl Stone Soup version 0.17.1-1-g73c8601 (webtiles) character file.

2298 Peloso the Protected (level 9, -8/78 HPs)
             Began as a Minotaur Fighter on Dec 22, 2015.
             Was a Believer of Okawaru.
             Mangled by Joseph
             ... wielding a +0 quarterstaff of crushing
              (9 damage)
             ... on level 7 of the Dungeon.
             The game lasted 00:14:18 (6163 turns).

Peloso the Protected (Minotaur Fighter)             Turns: 6163, Time: 00:14:19

Health: -8/78      AC: 12    Str: 23    XL:     9   Next: 17%
Magic:  8/8        EV: 10    Int:  5    God:    Okawaru [**....]
Gold:   199        SH: 12    Dex: 18    Spells: 0 memorised, 8 levels left

rFire  + . .     SeeInvis .     v - +5 whip "Faggulot" {slash, *Confuse rC+ Dex+7}
rCold  . . .     Clarity  .     w - +0 chain mail
rNeg   . . .     SustAt   .     c - +0 shield
rPois  .         Gourm    +     (helmet restricted)
rElec  .         Spirit   .     (no cloak)
rCorr  .         Warding  .     r - +0 pair of gloves
rMut   .         Stasis   .     (no boots)
MR     .....                    j - amulet of the gourmand
Stlth  ..........               D - ring of wizardry
                                o - ring of fire

@: not resistant to hostile enchantments, extremely unstealthy
A: retaliatory headbutt, horns 2
a: Heroism, Renounce Religion


You were on level 7 of the Dungeon.
You worshipped Okawaru.
Okawaru was pleased with you.
You were very full.

You visited 2 branches of the dungeon, and saw 8 of its levels.

You collected 199 gold pieces.

Inventory:

Hand Weapons
 a - a +0 long sword
 q - a cursed -3 dagger
 v - the +5 whip "Faggulot" (weapon) {slash, *Confuse rC+ Dex+7}
   (You found it on level 4 of the Dungeon)

   It inflicts extra damage upon your enemies.
   It affects your dexterity (+7).
   It protects you from cold.
   It may confuse you when you take damage.
Armour
 b - a +0 scale mail
 c - a +0 shield (worn)
 r - a +0 pair of gloves (worn)
 w - a +0 chain mail (worn)
Jewellery
 j - an amulet of the gourmand (around neck)
 o - a ring of fire (left hand)
 p - an uncursed ring of stealth
 D - a ring of wizardry (right hand)
Wands
 y - a wand of flame (12)
 z - a wand of random effects (20)
 E - a wand of confusion (6)
Scrolls
 h - 8 scrolls of identify {unknown}
 i - 2 scrolls of random uselessness {unknown}
 l - 3 scrolls of teleportation {unknown}
 n - a scroll of remove curse {unknown}
 u - a scroll of immolation {unknown}
 x - 2 scrolls of noise {unknown}
 C - a scroll of fear {unknown}
Potions
 d - a potion of might
 k - a potion of brilliance {unknown}
 m - 2 potions of cancellation {unknown}
 t - a potion of berserk rage {unknown}
 B - a potion of lignification {unknown}
 F - a potion of curing {unknown}
 G - a potion of flight {unknown}
Comestibles
 e - 6 bread rations
 f - 2 meat rations
 g - a slice of pizza
 s - 6 fruits
 A - 2 beef jerkies


   Skills:
 + Level 6.9 Fighting
 + Level 5.0 Long Blades
 + Level 3.7 Maces & Flails
 + Level 8.3 Armour
 + Level 5.1 Dodging
 + Level 0.6 Stealth
 + Level 8.1 Shields


You had 8 spell levels left.
You didn't know any spells.

Dungeon Overview and Level Annotations

Branches:
Dungeon (7/15)             Temple (1/1) D:5

Altars:
Ashenzari
Cheibriados
Dithmenos
Elyvilon
Fedhas
Gozag
Kikubaaqudgha
Makhleb
Nemelex Xobeh
Okawaru
Qazlal
Ru
Sif Muna
Trog
Vehumet
Xom
Yredelemnul
Zin
The Shining One

Shops:
D:6 ?

Annotations:
D:7 Joseph


Innate Abilities, Weirdness & Mutations

You reflexively headbutt those who attack you in melee.
You have a pair of horns on your head.


Message History

Joseph is heavily wounded.
You block Joseph's attack.
Unknown command.
You hit Joseph but do no damage. You headbutt Joseph, but do no damage.
Joseph is heavily wounded.
Joseph hits you but does no damage.
Unknown command.
You closely miss Joseph. You headbutt Joseph.
Joseph is heavily wounded.
Joseph hits you but does no damage.
Unknown command.
You hit Joseph.
Joseph is heavily wounded.
Joseph hits you with an uncursed quarterstaff of crushing.
* * * LOW HITPOINT WARNING * * *
x2 Unknown command.
You hit Joseph. You headbutt Joseph.
Joseph is severely wounded.
Joseph hits you with an uncursed quarterstaff of crushing!
You die...

..#..##.#.###(#.##.#
#..##.#.# #.#.# .#
#..##.#.# #.#.# ..
#..##.#.# #.#.# #
#..##.#.###(#.#
#.#..##.#.#.....#
#.#..#..#.#@#.#####..
#.......#.#.#.#....[.#
######..####.#.#@.......
.............#.@.#.....#
#####.#.######...#....##
#.#.# ####...#....#
#.#.# #......#....#
#.#.# #......#....#
#.#.# #......#....#
#.#.# #......#....# .#
#.#'###...........#


You could see Joseph.

Vanquished Creatures
  Sigmund (D:5)
  The ghost of Acur the Skirmisher, an amateur OpFi of Dithmenos (D:4)
  Edmund (D:5)
  A sky beast (D:6)
  2 centaurs
  2 eyes of draining (D:7)
  4 ogres
  2 big kobolds (D:7)
  A giant frog (D:6)
  A jelly (D:7)
  A water moccasin zombie (D:5)
  2 scorpions (D:5)
  A centaur zombie (D:7)
  3 crimson imps (D:5)
  A giant frog zombie (D:3)
  3 centaur skeletons
  2 hounds
  An iguana (D:4)
  An orc priest (D:7)
  3 orc wizards
  4 worker ants
  A hound zombie (D:7)
  8 adders
  2 oozes
  An adder skeleton (D:4)
  A worm (D:4)
  3 giant geckos
  4 orcs
  6 bats
  5 giant cockroaches
  7 hobgoblins
  2 quokkas
  4 ball pythons
  A giant gecko zombie (D:5)
  9 giant newts
  14 goblins
  11 jackals
  13 kobolds
  7 rats
137 creatures vanquished.

Notes
Turn   | Place    | Note
--------------------------------------------------------------
     0 | D:1      | Peloso the Minotaur Fighter began the quest for the Orb.
     0 | D:1      | Reached XP level 1. HP: 19/19 MP: 0/0
   270 | D:1      | Reached XP level 2. HP: 8/27 MP: 1/1
   579 | D:1      | Reached skill level 4 in Fighting
   875 | D:2      | Found a basalt altar of Yredelemnul.
   975 | D:2      | Reached XP level 3. HP: 28/33 MP: 2/2
  1652 | D:3      | Reached skill level 1 in Dodging
  1653 | D:3      | Reached XP level 4. HP: 32/40 MP: 3/3
  2117 | D:4      | Reached skill level 5 in Armour
  2117 | D:4      | Reached XP level 5. HP: 13/47 MP: 4/4
  2130 | D:4      | Got a transparent whip
  2397 | D:4      | Identified the +5 whip "Faggulot" {slash, *Confuse rC+ Dex+7} (You found it on level 4 of the Dungeon)
  2421 | D:4      | Noticed a centaur
  2424 | D:4      | Noticed Acur's ghost (amateur OpFi)
  2430 | D:4      | Killed a centaur
  2466 | D:3      | Reached skill level 5 in Shields
  2466 | D:3      | Reached XP level 6. HP: 19/55 MP: 5/5
  2759 | D:4      | Killed Acur's ghost
  2763 | D:4      | Reached skill level 5 in Fighting
  3203 | D:4      | Found a radiant altar of Vehumet.
  3280 | D:4      | Reached XP level 7. HP: 61/61 MP: 6/6
  3586 | D:4      | Found a shimmering altar of Xom.
  3700 | D:4      | Noticed an ogre
  3706 | D:4      | Killed an ogre
  3706 | D:4      | Reached skill level 1 in Maces & Flails
  3706 | D:4      | Reached skill level 6 in Armour
  3780 | D:5      | Entered Level 5 of the Dungeon
  3788 | D:5      | Found an opulent altar of Gozag.
  3864 | D:5      | Found a staircase to the Ecumenical Temple.
  3885 | Temple   | Entered the Ecumenical Temple
  3944 | Temple   | Became a worshipper of Warmaster Okawaru
  4061 | D:5      | Found a sparkling altar of Nemelex Xobeh.
  4149 | D:5      | Noticed Sigmund
  4160 | D:5      | Killed Sigmund
  4160 | D:5      | Reached * piety under Okawaru
  4160 | D:5      | Reached skill level 7 in Armour
  4160 | D:5      | Reached XP level 8. HP: 62/70 MP: 7/7
  4211 | D:5      | Noticed Edmund
  4238 | D:5      | Killed Edmund
  4396 | D:5      | Found a deep blue altar of Sif Muna.
  4589 | D:5      | Found a burning altar of Makhleb.
  4659 | D:6      | Found an ancient bone altar of Kikubaaqudgha.
  4664 | D:6      | Found a glowing golden altar of the Shining One.
  4753 | D:6      | Found Ahowekky's Magic Scroll Shop.
  5672 | D:7      | Found a bloodstained altar of Trog.
  5696 | D:7      | Reached skill level 8 in Shields
  5696 | D:7      | Reached XP level 9. HP: 40/78 MP: 0/8
  5719 | D:7      | Reached ** piety under Okawaru
  5959 | D:7      | Reached skill level 5 in Long Blades
  6060 | D:7      | Noticed Joseph
  6078 | D:7      | Reached skill level 5 in Dodging
  6156 | D:7      | HP: 2/78 [Joseph/uncursed quarterstaff of crushing (17)]
  6162 | D:7      | HP: 2/78 [Joseph/uncursed quarterstaff of crushing (1)]
  6163 | D:7      | Mangled by Joseph

Action                   |  1- 3 |  4- 6 |  7- 9 || total
-------------------------+-------+-------+-------++-------
Melee: Long sword        |   120 |    62 |   112 ||   294
       Whip              |       |    45 |   123 ||   168
  Eat: Chunk             |    12 |     8 |    10 ||    30
